 Dungeon Crawl Stone Soup version 0.24.0-123-gd5b16e6ec5 (webtiles) character file.

Game seed: 9855096770212965405, levelgen mode: deterministic

119111 SeryemCrawls the Thaumaturge (level 16, -11/124 HPs)
             Began as a Gnoll Wizard on Jan 9, 2020.
             Was a High Priest of Okawaru.
             Mangled by an alligator (23 damage)
             ... on level 1 of the Swamp on Jan 10, 2020.
             The game lasted 03:12:40 (48706 turns).

SeryemCrawls the Thaumaturge (Gnoll Wizard)        Turns: 48706, Time: 03:12:41

Health: -11/124    AC:  9    Str: 12    XL:     16   Next: 78%
Magic:  24/32      EV: 19    Int: 25    God:    Okawaru [*****.]
Gold:   479        SH: 13    Dex: 20    Spells: 10/40 levels left

rFire    + + +     SeeInvis .   a - +11 dagger "Zaelotups" {pierce, rF++}
rCold    + . .     Gourm    .   u - +2 buckler {rF+}
rNeg     . . .     Faith    .   S - +0 ring mail {rPois}
rPois    +         Spirit   .   g - +2 hat {MR+}
rElec    .         Reflect  +   Y - scarf {rC+ rF+}
rCorr    .         Harm     .   (no gloves)
MR       ++...                  (no boots)
Stlth    +++.......             k - +4 amulet of reflection
HPRegen  0.30/turn              U - ring of stealth
MPRegen  0.23/turn              o - +6 ring of dexterity

@: studying Slings, very slow
A: distributed training, fangs 1, strong nose
a: Heroism, Finesse, Renounce Religion


You were on level 1 of the Swamp.
You worshipped Okawaru.
Okawaru was extremely pleased with you.
You were not hungry.

You visited 5 branches of the dungeon, and saw 26 of its levels.

You collected 2509 gold pieces.
You spent 2030 gold pieces at shops.

Inventory:

Hand Weapons
 a - the +11 dagger "Zaelotups" (weapon) {pierce, rF++}
   (You found it on level 5 of the Dungeon)

   It inflicts extra damage upon your enemies.
   It greatly protects you from fire.
 b - a +1 fustibalus of freezing
Missiles
 f - 438 stones (quivered)
 H - 140 sling bullets
Armour
 g - a +2 hat of magic resistance (worn)
 u - a +2 buckler of fire resistance (worn)
 P - a +1 scale mail of magic resistance
 S - a +0 ring mail of poison resistance (worn)
 Y - a scarf of resistance (worn)
Jewellery
 c - an uncursed ring of flight
 e - a +2 ring of evasion
 i - an uncursed ring of stealth
 k - a +4 amulet of reflection (around neck)
 o - a +6 ring of dexterity (right hand)
 q - an uncursed ring of ice
 r - an uncursed ring of resist corrosion
 z - the ring of Neurosis {rElec Int+5}
   (You found it on level 1 of the Lair of Beasts)

   [ring of intelligence]

   It affects your intelligence (+5).
   It insulates you from electricity.
 D - an uncursed ring of protection from cold
 U - a ring of stealth (left hand)
 W - an uncursed ring of wizardry
Wands
 j - a wand of iceblast (7)
 E - a wand of digging (1)
 K - a wand of paralysis (34)
 M - a wand of acid (3)
 N - a wand of random effects (18)
 T - a wand of polymorph (3)
 V - a wand of enslavement (6)
Scrolls
 d - a scroll of enchant armour
 l - 3 scrolls of enchant weapon
 n - 11 scrolls of remove curse
 s - a scroll of magic mapping
 y - a scroll of holy word
 A - 4 scrolls of fog
 F - 3 scrolls of amnesia
 O - 3 scrolls of identify
Potions
 p - 2 potions of mutation
 t - 3 potions of curing
 v - a potion of magic
 w - 3 potions of ambrosia
 B - 4 potions of brilliance
 C - a potion of cancellation
 I - 4 potions of might
 J - 2 potions of invisibility {unknown}
 Z - 3 potions of agility
Books
 x - a manual of Slings
Miscellaneous
 m - a lamp of fire (inert)
 G - a lightning rod (4/4)
 R - a sack of spiders
Comestibles
 h - 26 rations


   Skills:
 + Level 10.9 Fighting
 + Level 10.9 Short Blades
 + Level 10.9 Long Blades
 + Level 10.9 Axes
 + Level 10.9 Maces & Flails
 + Level 10.9 Polearms
 + Level 10.9 Staves
 + Level 12.2 Slings
 + Level 10.9 Bows
 + Level 10.9 Crossbows
 + Level 10.9 Throwing
 + Level 10.9 Armour
 + Level 11.7 Dodging
 + Level 11.6 Stealth
 + Level 10.9 Shields
 + Level 10.9 Unarmed Combat
 + Level 12.7 Spellcasting
 + Level 9.5 Conjurations
 + Level 9.2 Hexes
 + Level 9.2 Charms
 + Level 9.5 Summonings
 + Level 9.2 Necromancy
 + Level 9.5 Translocations
 + Level 9.2 Transmutations
 + Level 9.2 Fire Magic
 + Level 9.2 Ice Magic
 + Level 9.2 Air Magic
 + Level 9.2 Earth Magic
 + Level 9.2 Poison Magic
 + Level 11.7 Invocations
 + Level 10.9 Evocations


You had 10 spell levels left.
You knew the following spells:

 Your Spells              Type           Power        Failure   Level  Hunger
a - Magic Dart            Conj           ####         1%          1    None
b - Animate Dead          Necr           N/A          1%          4    None
c - Fireball              Conj/Fire      ######....   4%          5    ###....
d - Ignite Poison         Fire/Tmut/Pois ######..     1%          3    None
e - Conjure Flame         Conj/Fire      ######..     1%          3    None
f - Mephitic Cloud        Conj/Pois/Air  ######..     1%          3    None
g - Spectral Weapon       Hex/Chrm       ######..     1%          3    None
h - Animate Skeleton      Necr           N/A          1%          1    None
i - Blink                 Tloc           N/A          1%          2    None
j - Regeneration          Chrm/Necr      ######....   1%          3    None
k - Call Imp              Summ           ######..     1%          2    None

Your spell library contained the following spells:

 Spells                   Type           Power        Failure   Level  Hunger
 Apportation              Tloc           ######       1%          1    None
 Beastly Appendage        Tmut           ######       1%          1    None
 Confusing Touch          Hex            ######       1%          1    None
 Flame Tongue             Conj/Fire      #####        1%          1    None
 Infusion                 Chrm           ####         1%          1    None
 Pain                     Necr           ####         1%          1    None
 Summon Butterflies       Summ           ######..     1%          1    None
 Summon Small Mammal      Summ           ####         1%          1    None
 Shroud of Golubria       Chrm/Tloc      ######       1%          2    None
 Slow                     Hex            ######..     1%          2    None
 Song of Slaying          Chrm           ######..     1%          2    None
 Sticks to Snakes         Tmut           ######..     1%          2    None
 Call Canine Familiar     Summ           ######..     1%          3    None
 Confuse                  Hex            ######..     1%          3    None
 Gell's Gravitas          Tloc           ######....   1%          3    None
 Spider Form              Tmut/Pois      ######....   1%          3    None
 Vampiric Draining        Necr           ######....   1%          3    None
 Ice Form                 Ice/Tmut       ######..     1%          4    None
 Petrify                  Tmut/Erth      ######..     1%          4    None
 Summon Ice Beast         Ice/Summ       ######..     1%          4    None
 Blade Hands              Tmut           ######....   4%          5    ###....
 Bolt of Magma            Conj/Fire/Erth ######....   4%          5    ###....
 Iskenderun's Battlesphe  Conj/Chrm      ######..     4%          5    ###....
 Metabolic Englaciation   Hex/Ice        ######....   4%          5    ###....
 Summon Mana Viper        Hex/Summ       ######..     4%          5    ###....
 Venom Bolt               Conj/Pois      ######....   4%          5    ###....
 Yara's Violent Unravell  Hex/Tmut       ######....   4%          5    ###....
 Bolt of Fire             Conj/Fire      ######....   22%         6    #####..
 Iron Shot                Conj/Erth      ######....   22%         6    #####..
 Orb of Destruction       Conj           ######....   75%         7    ######.
 Spellforged Servitor     Conj/Summ      ######....   75%         7    ######.
 Summon Hydra             Summ           ######....   75%         7    ######.
 Ring of Flames           Chrm/Fire      ######....   78%         7    ######.
 Ignition                 Fire           ######....   100%        8    #######


Dungeon Overview and Level Annotations

Branches:
Dungeon (15/15)            Temple (1/1) D:7            Lair (6/6) D:8
  Swamp (2/4) Lair:2       Spider (0/4) Lair:2        Slime (0/5) Lair:6
    Orc (2/2) D:12            Elf (0/3) Orc:2        Vaults (0/5) D:14
 Depths (0/5) D:15

Altars:
Ashenzari
Cheibriados
Dithmenos
Elyvilon
Fedhas
Gozag
Hepliaklqana
Kikubaaqudgha
Makhleb
Nemelex Xobeh
Okawaru
Qazlal
Ru
Sif Muna
Trog
Uskayaw
Vehumet
Wu Jian
Xom
Yredelemnul
Zin
The Shining One
Beogh
Jiyva
Lugonu

Shops:
D:4 *   D:8 [   D:11 *   Orc:2 !}((:

Annotations:
D:7 1 runed translucent door, Crazy Yiuf
Lair:1 3 runed translucent doors, Nilihum's ghost, novice OpTm
Lair:5 3 runed translucent doors, Ruewk's ghost, journeyman CeAM
Lair:6 1 runed translucent door


Innate Abilities, Weirdness & Mutations

Your experience applies equally to all skills.
You have very sharp teeth.
Your uncanny sense of smell can sniff out nearby items.


Message History

Confirm with . or Enter, or press ? or * to list all spells.
You blink.
Okay, then.
Okay, then.
Okay, then.
Casting: Blink (safe; 1% risk of failure)
Confirm with . or Enter, or press ? or * to list all spells.
Aiming: Mephitic Cloud (safe; 1% risk of failure)
Press: ? - help, Shift-Dir - straight line, f - alligator
Aim: an alligator (covering ground quickly)
The ball explodes into a vile cloud!
The stinking cloud engulfs the alligator but does no damage.
The alligator is engulfed in noxious fumes.
The alligator appears confused.
The alligator is engulfed in noxious fumes.
You enter the shallow water.
Moving in this stuff is going to be slow.
The alligator is engulfed in noxious fumes.
The alligator bites you!!
You die...

♣.≈≈≈♣≈≈.≈≈≈..§..>≈≈.≈≈♣♣≈≈.≈§≈[.
..≈≈≈.≈...≈≈..§.≈...≈....≈≈≈.§♣≈.
≈≈≈≈≈§≈.≈.≈.....≈♣≈.§≈.≈≈≈.....≈.
≈.....≈§..♣≈....≈≈♣.≈♣.........≈≈
♣♣≈≈≈..≈..≈≈....≈≈≈≈.≈.####....≈≈
≈≈...≈≈≈.≈.≈≈≈≈≈..≈≈...#.##.....≈
≈≈.♣♣≈...≈.≈≈≈≈≈≈[♣≈.........###.
.♣♣♣♣..≈..≈≈≈≈≈.≈§≈..#...##..#.#.
♣♣ ♣♣≈≈≈.≈≈≈≈≈.@t........#.)#.#.
♣ ♣≈...≈.≈...○§§.............. ♣
♣♣≈♣...♣♣..○○☼§..#.#...##...
♣.≈≈≈♣♣♣♣♣♣○○○≈....#........
♣♣..≈♣ ♣..♣...###...##... ♣♣.≈≈♣
♣♣.≈≈........##..♣ ♣♣...♣♣
♣♣......#......♣♣ ♣.≈≈.♣
♣..≈≈≈.......♣♣♣ ♣♣...♣
♣♣..≈≈≈≈≈..≈♣♣♣≈


You could see an alligator (confused).

Vanquished Creatures
  Gastronok (Lair:1)
  A thorn hunter (Swamp:1)
  A fire giant (Lair:6)
  2 orc warlords (D:12)
  A stone giant (D:12)
  2 green draconians (Swamp:1)
  5 dire elephants (Lair:6)
  A yaktaur captain (D:15)
  Harold (D:9)
  4 vault guards (D:14)
  7 hydras
  Erica (D:8)
  An anaconda (Lair:6)
  4 two-headed ogres
  A centaur warrior (D:15)
  A queen ant (D:11)
  3 ogre magi (Orc:2)
  5 alligators (Swamp:1)
  13 death yaks
  2 orc high priests
  Sonja (Lair:1)
  Nergalle (D:11)
  2 swamp dragons (Swamp:1)
  An unseen horror (D:13)
  A deep elf mage (D:13)
  A deep elf archer (D:14)
  18 ugly things
  3 orc knights
  9 orc sorcerers
  3 oklob plants (Lair:1)
  4 cyclopes
  2 manticores (D:15)
  Joseph (D:7)
  6 black mambas
  12 elephants
  5 torpor snails (Lair:5)
  11 spiny frogs
  3 rime drakes
  2 gargoyles (D:14)
  10 komodo dragons
  A yaktaur (D:15)
  2 freezing wraiths (D:13)
  2 kobold demonologists
  A tyrant leech (Swamp:2)
  A tengu conjurer (D:14)
  4 trolls
  6 hornets
  10 slime creatures (D:13)
  12 blink frogs
  3 bog bodies
  4 dream sheep
  6 hippogriffs
  A shadow (D:13)
  2 vampires
  44 yaks
  3 basilisks
  A wraith (D:13)
  A yak (shapeshifter) (D:14)
  2 hungry ghosts
  A human (D:7)
  3 wyverns
  2 hogs (D:7)
  A steam dragon (D:10)
  8 vampire mosquitoes
  19 soldier ants (D:11)
  4 wargs
  9 water moccasins
  6 swamp worms (Swamp:1)
  4 acid dragons
  13 porcupines
  33 orc warriors
  3 ice beasts
  A sky beast (D:3)
  A black bear (D:10)
  3 phantoms
  4 swamp drakes (Swamp:1)
  17 ogres
  19 wolves
  10 centaurs
  7 crocodiles
  2 big kobolds
  22 bullfrogs
  A gnoll sergeant (D:7)
  A wyvern skeleton (D:13)
  A water moccasin skeleton (D:5)
  7 scorpions
  11 killer bees
  8 wights (D:9)
  5 howler monkeys
  2 electric eels
  8 crimson imps
  4 bullfrog zombies
  A quasit (D:8)
  2 centaur zombies
  2 jellies
  A bullfrog skeleton (D:3)
  9 hounds
  19 orc priests
  6 centaur skeletons
  A gnoll shaman (D:9)
  48 orc wizards
  6 iguanas
  38 worker ants
  A hound skeleton (D:8)
  A howler monkey zombie (D:10)
  12 gnolls
  16 adders
  5 shadow imps
  2 oozes
  2 adder skeletons
  2 adder zombies (D:5)
  11 worms
  A dart slug (D:1)
  5 leopard geckos
  133 orcs
  8 giant cockroaches
  12 goblins
  8 hobgoblins
  6 jackals
  3 quokkas
  A ball python (D:4)
  8 bats
  2 frilled lizards
  A goblin skeleton (D:8)
  A goblin zombie (D:8)
  2 hobgoblin zombies (D:8)
  15 kobolds
  A kobold skeleton (D:8)
  A kobold zombie (D:8)
  A leopard gecko skeleton (D:5)
  A leopard gecko zombie (D:5)
  An orc skeleton (D:8)
  2 orc zombies (D:8)
  A quokka skeleton (D:6)
  9 rats
  A butterfly (Lair:4)
  A fungus (Lair:6)
  3 plants
  A spectral weapon (Orc:1)
913 creatures vanquished.

Vanquished Creatures (collateral kills)
  A hydra (Swamp:1)
  An ogre mage (Orc:2)
  2 elephants (Lair:6)
  2 spiny frogs
  A hornet (Swamp:1)
  A tyrant leech (Swamp:1)
  2 hogs (D:7)
  A hungry ghost (D:8)
  A soldier ant (D:11)
  An orc warrior (Orc:1)
  2 swamp drakes (Swamp:1)
  A phantom (D:12)
  A killer bee (D:8)
  A wight (D:9)
  3 orc priests
  A hound (D:4)
  Ijyb (D:3)
  10 orc wizards
  A gnoll (D:2)
  A worm (D:3)
  3 leopard geckos (D:2)
  5 orcs
  A hobgoblin (D:3)
  6 jackals
  A frilled lizard (D:3)
  A goblin (D:2)
  A quokka skeleton (D:4)
  A rat (D:3)
  A plant (Lair:6)
55 creatures vanquished.

Vanquished Creatures (others)
  An unseen horror (D:12)
  A cyclops (Orc:2)
  9 fungi
  9 plants
  6 spectral weapons
26 creatures vanquished.

Grand Total: 994 creatures vanquished

Notes
Turn   | Place    | Note
-------+----------+-------------------------------------------
     0 | D:1      | SeryemCrawls the Gnoll Wizard began the quest for the Orb.
     0 | D:1      | Reached XP level 1. HP: 13/13 MP: 8/8
   211 | D:1      | Reached XP level 2. HP: 19/19 MP: 10/10
   215 | D:1      | Learned a level 2 spell: Call Imp
   218 | D:1      | Learned a level 2 spell: Blink
   681 | D:1      | Reached XP level 3. HP: 25/25 MP: 5/11
  1166 | D:2      | Reached skill level 1 in Invocations
  1216 | D:2      | You fall into a shaft and drop 1 floor!
  1228 | D:3      | Noticed Ijyb
  1249 | D:3      | Killed Ijyb
  1249 | D:3      | Reached skill level 1 in Fighting
  1249 | D:3      | Reached skill level 1 in Short Blades
  1249 | D:3      | Reached skill level 1 in Long Blades
  1249 | D:3      | Reached skill level 1 in Axes
  1249 | D:3      | Reached skill level 1 in Maces & Flails
  1249 | D:3      | Reached skill level 1 in Polearms
  1249 | D:3      | Reached skill level 1 in Staves
  1249 | D:3      | Reached skill level 1 in Slings
  1249 | D:3      | Reached skill level 1 in Bows
  1249 | D:3      | Reached skill level 1 in Crossbows
  1249 | D:3      | Reached skill level 1 in Throwing
  1249 | D:3      | Reached skill level 1 in Armour
  1249 | D:3      | Reached skill level 1 in Shields
  1249 | D:3      | Reached skill level 1 in Unarmed Combat
  1249 | D:3      | Reached skill level 1 in Evocations
  1251 | D:3      | Reached XP level 4. HP: 32/32 MP: 7/13
  1633 | D:2      | Reached skill level 1 in Hexes
  1633 | D:2      | Reached skill level 1 in Charms
  1633 | D:2      | Reached skill level 1 in Necromancy
  1633 | D:2      | Reached skill level 1 in Transmutations
  1633 | D:2      | Reached skill level 1 in Fire Magic
  1633 | D:2      | Reached skill level 1 in Ice Magic
  1633 | D:2      | Reached skill level 1 in Air Magic
  1633 | D:2      | Reached skill level 1 in Earth Magic
  1633 | D:2      | Reached skill level 1 in Poison Magic
  2142 | D:2      | Found a white marble altar of Elyvilon.
  2289 | D:2      | Reached XP level 5. HP: 37/37 MP: 8/14
  2773 | D:2      | Learned a level 3 spell: Conjure Flame
  2777 | D:2      | Learned a level 3 spell: Mephitic Cloud
  3025 | D:3      | Found a hazy altar of Hepliaklqana.
  3026 | D:3      | Found a shimmering altar of Xom.
  3027 | D:3      | Noticed a spectral ugly thing
  3079 | D:3      | Noticed a sky beast
  3600 | D:3      | Killed a sky beast
  3600 | D:3      | Reached XP level 6. HP: 44/44 MP: 12/16
  3634 | D:3      | Reached skill level 5 in Dodging
  4295 | D:4      | Reached XP level 7. HP: 41/50 MP: 5/18
  4688 | D:4      | Found Gech's Assorted Antiques.
  5160 | D:4      | You fall into a shaft and drop 3 floors!
  5160 | D:7      | Found a basalt altar of Yredelemnul.
  5205 | D:7      | Reached skill level 5 in Stealth
  5428 | D:6      | Found a sparkling altar of Nemelex Xobeh.
  5428 | D:6      | Noticed a hungry ghost
  5461 | D:7      | Killed a hungry ghost
  5461 | D:7      | Reached XP level 8. HP: 50/57 MP: 19/19
  5699 | D:5      | Entered Level 5 of the Dungeon
  5983 | D:5      | Found a radiant altar of Vehumet.
  5994 | D:5      | Got a fine dagger
  5994 | D:5      | Identified the +11 dagger "Zaelotups" {pierce, rF++} (You
                  | found it on level 5 of the Dungeon)
  6427 | D:5      | Found an iron altar of Okawaru.
  6588 | D:5      | Found a shadowy altar of Dithmenos.
  6855 | D:5      | Found an iron altar of Okawaru.
  6944 | D:6      | Found a stormy altar of Qazlal.
  7064 | D:6      | Found an ornate altar of the Wu Jian Council.
  7526 | D:7      | Reached XP level 9. HP: 65/65 MP: 17/21
  7582 | D:7      | Found a staircase to the Ecumenical Temple.
  7803 | Temple   | Entered the Ecumenical Temple
  7911 | D:5      | Became a worshipper of Warmaster Okawaru
  8200 | D:7      | Reached * piety under Okawaru
  8433 | D:7      | Noticed Joseph
  8588 | D:7      | Killed Joseph
  8716 | D:7      | Found a runed translucent door.
  8717 | D:7      | Noticed Crazy Yiuf
  8985 | D:8      | Found a shattered altar of Ashenzari.
  9005 | D:8      | Reached skill level 5 in Invocations
  9299 | D:8      | Reached XP level 10. HP: 27/73 MP: 11/22
  9903 | D:8      | Reached ** piety under Okawaru
  9974 | D:8      | Identified the cursed +0 trident of Deocol {drain, rN+
                  | Str+4}
  9980 | D:8      | Reached skill level 5 in Fighting
  9980 | D:8      | Reached skill level 5 in Short Blades
  9980 | D:8      | Reached skill level 5 in Long Blades
  9980 | D:8      | Reached skill level 5 in Axes
  9980 | D:8      | Reached skill level 5 in Maces & Flails
  9980 | D:8      | Reached skill level 5 in Polearms
  9980 | D:8      | Reached skill level 5 in Staves
  9980 | D:8      | Reached skill level 5 in Slings
  9980 | D:8      | Reached skill level 5 in Bows
  9980 | D:8      | Reached skill level 5 in Crossbows
  9980 | D:8      | Reached skill level 5 in Throwing
  9980 | D:8      | Reached skill level 5 in Armour
  9980 | D:8      | Reached skill level 5 in Shields
  9980 | D:8      | Reached skill level 5 in Unarmed Combat
  9980 | D:8      | Reached skill level 5 in Evocations
 10169 | D:8      | Found a staircase to the Lair.
 10355 | D:8      | Found a hide-covered altar of Uskayaw.
 10426 | D:8      | Noticed a two-headed ogre
 10445 | D:8      | Killed a two-headed ogre
 10616 | D:8      | Reached skill level 5 in Conjurations
 10616 | D:8      | Reached skill level 5 in Summonings
 10616 | D:8      | Reached skill level 5 in Translocations
 10707 | D:8      | Reached *** piety under Okawaru
 10965 | D:8      | Found a glowing golden altar of the Shining One.
 11089 | D:8      | Found a snail-covered altar of Cheibriados.
 11212 | D:8      | Found Lanasy's Armour Shop.
 11318 | D:8      | Found a shimmering blue altar of Sif Muna.
 11369 | D:8      | Identified Sif Muna's Reference Book on Heat
 12247 | D:9      | Found a bloodstained altar of Trog.
 12257 | D:9      | Noticed Harold
 12500 | D:9      | Reached XP level 11. HP: 71/81 MP: 22/24
 12526 | D:9      | Reached **** piety under Okawaru
 12559 | D:9      | Killed Harold
 13414 | D:4      | Bought a paperback book for 435 gold pieces
 13581 | D:10     | Entered Level 10 of the Dungeon
 13652 | D:10     | Found a roughly hewn altar of Beogh.
 13757 | D:10     | Reached skill level 5 in Hexes
 13757 | D:10     | Reached skill level 5 in Charms
 13757 | D:10     | Reached skill level 5 in Necromancy
 13757 | D:10     | Reached skill level 5 in Transmutations
 13757 | D:10     | Reached skill level 5 in Fire Magic
 13757 | D:10     | Reached skill level 5 in Ice Magic
 13757 | D:10     | Reached skill level 5 in Air Magic
 13757 | D:10     | Reached skill level 5 in Earth Magic
 13757 | D:10     | Reached skill level 5 in Poison Magic
 14998 | D:11     | Received a gift from Okawaru
 15127 | D:11     | Reached ***** piety under Okawaru
 15305 | D:11     | Noticed a queen ant
 15318 | D:11     | Killed a queen ant
 15318 | D:11     | Received a gift from Okawaru
 15367 | D:11     | Received a gift from Okawaru
 15969 | D:11     | Noticed Nergalle
 15973 | D:11     | Killed Nergalle
 15973 | D:11     | Reached XP level 12. HP: 89/89 MP: 25/25
 16118 | D:11     | Found Very's General Store.
 17113 | Lair:1   | Entered Level 1 of the Lair of Beasts
 17121 | Lair:1   | Noticed Gastronok
 17132 | Lair:1   | Reached skill level 10 in Spellcasting
 17388 | Lair:1   | Killed Gastronok
 17388 | Lair:1   | Received a gift from Okawaru
 17463 | Lair:1   | Noticed Erica
 17712 | Lair:1   | Noticed Sonja
 18009 | D:8      | Killed Erica
 18009 | D:8      | Received a gift from Okawaru
 18291 | Lair:1   | Killed Sonja
 18291 | Lair:1   | Received a gift from Okawaru
 18954 | Lair:1   | Received a gift from Okawaru
 19343 | Lair:1   | Got a warped silver ring
 19472 | Lair:1   | Found a runed translucent gate.
 19472 | Lair:1   | Found a runed translucent gate.
 19472 | Lair:1   | Found a runed translucent gate.
 19473 | Lair:1   | Noticed a death ooze
 19473 | Lair:1   | Noticed Nilihum's ghost (novice OpTm)
 19475 | Lair:1   | Found a viscous altar of Jiyva.
 19831 | Lair:1   | Identified the ring of Neurosis {rElec Int+5} (You found it
                  | on level 1 of the Lair of Beasts)
 19978 | Lair:1   | Received a gift from Okawaru
 20203 | Lair:2   | Reached XP level 13. HP: 95/98 MP: 18/27
 20586 | Lair:2   | Found a hole to the Spider Nest.
 20740 | Lair:2   | Found a staircase to the Swamp.
 20789 | Lair:1   | Received a gift from Okawaru
 22289 | Lair:3   | Got a smoking marble ring
 22508 | Lair:3   | Found a shattered altar of Ashenzari.
 23266 | Lair:4   | Received a gift from Okawaru
 23724 | Lair:4   | Got an iridescent arbalest
 24300 | Lair:4   | Received a gift from Okawaru
 25422 | Lair:4   | Reached XP level 14. HP: 61/106 MP: 23/29
 26263 | Lair:5   | Received a gift from Okawaru
 26309 | Lair:5   | Identified the cursed ring "Hatiyjin" {EV-2 Int+4} (You
                  | found it on level 3 of the Lair of Beasts)
 26371 | Lair:5   | Reached skill level 10 in Dodging
 26765 | Lair:5   | Found a snail-covered altar of Cheibriados.
 26906 | Lair:5   | Found a runed translucent gate.
 26906 | Lair:5   | Found a runed translucent gate.
 26906 | Lair:5   | Found a runed translucent gate.
 27007 | Lair:5   | Got a dazzling ring mail
 27017 | Lair:5   | Identified the cursed +0 ring mail of Articulation {Slay+2}
                  | (You found it on level 5 of the Lair of Beasts)
 27043 | Lair:5   | Noticed Ruewk's ghost (journeyman CeAM)
 27618 | Lair:6   | Entered Level 6 of the Lair of Beasts
 27687 | Lair:6   | Reached skill level 10 in Stealth
 27819 | Lair:6   | Found a runed translucent door.
 27819 | Lair:6   | Found a viscous altar of Jiyva.
 27998 | Lair:6   | Reached skill level 10 in Invocations
 28311 | Lair:6   | Noticed an acid blob
 28311 | Lair:6   | Noticed an acid blob
 28311 | Lair:6   | Noticed an acid blob
 28312 | Lair:6   | Found a staircase to the Slime Pits.
 28474 | Lair:6   | Learned a level 3 spell: Regeneration
 28478 | Lair:6   | Learned a level 3 spell: Spectral Weapon
 28792 | Lair:6   | Received a gift from Okawaru
 28793 | Lair:6   | Noticed a dire elephant
 28793 | Lair:6   | Noticed a dire elephant
 28796 | Lair:6   | Noticed a fire giant
 28796 | Lair:6   | a dire elephant changed into a fire giant
 28827 | Lair:6   | Killed a dire elephant
 28828 | Lair:6   | Noticed a dire elephant
 29108 | Lair:6   | Killed a fire giant
 29163 | Lair:6   | Killed a dire elephant
 29323 | Lair:6   | Noticed a dire elephant
 29341 | Lair:6   | Noticed a dire elephant
 29364 | Lair:6   | Killed a dire elephant
 29391 | Lair:6   | Killed a dire elephant
 29395 | Lair:6   | Noticed a dire elephant
 29408 | Lair:6   | Killed a dire elephant
 29408 | Lair:6   | Received a gift from Okawaru
 29649 | Lair:6   | Learned a level 1 spell: Animate Skeleton
 31003 | D:12     | Reached XP level 15. HP: 91/114 MP: 27/30
 32006 | D:12     | Reached skill level 10 in Slings
 32320 | D:12     | Found a staircase to the Orcish Mines.
 33067 | D:13     | Received a gift from Okawaru
 33114 | D:13     | Found a shimmering blue altar of Sif Muna.
 34396 | Orc:1    | Entered Level 1 of the Orcish Mines
 34492 | Orc:1    | Noticed an orc warlord
 34772 | D:12     | Killed an orc warlord
 35093 | Orc:1    | Received a gift from Okawaru
 35119 | Orc:1    | Noticed an orc warlord
 35655 | D:12     | HP: 5/115 [poisoned by an orc warlord]
 36088 | D:12     | Killed an orc warlord
 36376 | D:12     | HP: 2/115 [stone giant (39)]
 36897 | D:12     | Reached skill level 10 in Fighting
 36897 | D:12     | Reached skill level 10 in Short Blades
 36897 | D:12     | Reached skill level 10 in Long Blades
 36897 | D:12     | Reached skill level 10 in Axes
 36897 | D:12     | Reached skill level 10 in Maces & Flails
 36897 | D:12     | Reached skill level 10 in Polearms
 36897 | D:12     | Reached skill level 10 in Staves
 36897 | D:12     | Reached skill level 10 in Bows
 36897 | D:12     | Reached skill level 10 in Crossbows
 36897 | D:12     | Reached skill level 10 in Throwing
 36897 | D:12     | Reached skill level 10 in Armour
 36897 | D:12     | Reached skill level 10 in Shields
 36897 | D:12     | Reached skill level 10 in Unarmed Combat
 36897 | D:12     | Reached skill level 10 in Evocations
 37580 | Orc:2    | Entered Level 2 of the Orcish Mines
 37985 | Orc:2    | Found a roughly hewn altar of Beogh.
 38033 | Orc:2    | Found Kufitup's Book Shop.
 38044 | Orc:2    | Bought a book of Necromancy for 480 gold pieces
 38044 | Orc:2    | Bought a book of Fire for 1040 gold pieces
 38049 | Orc:2    | Learned a level 4 spell: Animate Dead
 38055 | Orc:2    | Learned a level 5 spell: Fireball
 38059 | Orc:2    | Learned a level 3 spell: Ignite Poison
 38213 | Orc:2    | Found a staircase to the Elven Halls.
 38433 | Orc:2    | Found Idghetuahi's Distillery.
 38650 | Orc:2    | Found a radiant altar of Vehumet.
 38683 | Orc:2    | Found Zowniax's Gadget Emporium.
 38715 | Orc:2    | Found an ancient bone altar of Kikubaaqudgha.
 38811 | Orc:2    | Found a roughly hewn altar of Beogh.
 38811 | Orc:2    | Found Miruc's Antique Weapon Shoppe.
 38823 | Orc:2    | Found Jeacaraosh's Antique Weapon Emporium.
 38905 | Orc:2    | Bought a potion of heal wounds for 75 gold pieces
 40627 | Orc:1    | Got a polished buckler {god gift}
 40637 | Orc:1    | Identified the -5 buckler of the Vestibule of Hell {Int+8}
                  | (Okawaru gifted it to you on level 1 of the Orcish Mines)
 40998 | D:14     | Received a gift from Okawaru
 41114 | D:14     | Reached XP level 16. HP: 117/122 MP: 28/32
 41599 | D:14     | Received a gift from Okawaru
 42166 | D:14     | Received a gift from Okawaru
 42233 | D:14     | Found a gate to the Vaults.
 42967 | D:15     | Entered Level 15 of the Dungeon
 43334 | D:15     | Received a gift from Okawaru
 44041 | D:15     | Found a staircase to the Depths.
 45121 | Swamp:1  | Entered Level 1 of the Swamp
 46403 | Swamp:1  | Received a gift from Okawaru
 46615 | Swamp:1  | Noticed a thorn hunter
 46623 | Swamp:1  | Killed a thorn hunter
 48706 | Swamp:1  | Mangled by an alligator

Levels and vault maps discovered:
D:1:      shiori_arrival_oz, layout_basic, minmay_tromino_v4_a
D:2:      layout_basic, elyvilon_altar_3
D:3:      layout_basic, regret_index_temple_of_mockery, first_ration,
          minmay_fractal_squares_gapless_5, uniq_ijyb
D:4:      layout_basic, serial_shops,
          nicolae_shop_temple_entry_statues_fountains
D:5:      layout_loops_cross, kennysheep_mini_moat, overflow_temple_1_default,
          vehumet_crystals, kennysheep_okawaru_gauntlet
D:6:      layout_basic, grunt_qazlal_sundering, marbit_many_paths,
          lemuel_crystal_altar
D:7:      layout_loops_cross, old_standard_altar,
          minmay_temple_entry_drinking_statues, grunt_livestock,
          uniq_crazy_yiuf_cottage, uniq_joseph
D:8:      layout_loops_ring, nicolae_tso_besieged_by_evil,
          nicolae_overflow_crystal_walls, lemuel_doored_altar, led_sif_book,
          cheibrodos_worm_habitat, erik_lair_island, serial_shops,
          kennysheep_mini, chequers_serial_rivers_room_a,
          hangedman_minor_gate_pass
D:9:      layout_irregular_city, bloody_trog, uniq_harold
D:10:     layout_roguey [special_room_orc], nicolae_twisting_strands,
          kennysheep_generic_room_7
D:11:     layout_gridville, serial_shops, shop_fountains, minivault_29,
          uniq_nergalle
D:12:     layout_rooms, david_orc_4, hangedman_abyss_or_decor_clamps
D:13:     kennysheep_room_grid, layout_basic, basic_altar,
          minmay_misc_feat_secret_circle
D:14:     layout_stronghold, grunt_vaults_entry_fortified
D:15:     grunt_enter_depths_snipers, layout_stronghold,
          minmay_misc_feat_more_columns, serial_bayou_crossing
Temple:   corrupted_temple
Lair:1:   layout_misc_corridors, gauntlet_entry_generic, gammafunk_ghost_ooze,
          nicolae_volcano_entry_lava_flow, serial_bayou_lake_a,
          minmay_lair_oklob_chamber, lemuel_fruit_tree, uniq_gastronok,
          uniq_sonja, uniq_erica
Lair:2:   layout_chaotic_city, skrybe_swamp_entry_bodies,
          nicolae_spider_entry_non_spiders, serial_bayou_pond_b
Lair:3:   layout_gridlike, lemuel_centaur_altar
Lair:4:   layout_loops_ring, infiniplex_staircase_pool_2, grunt_megastairs_3,
          lemuel_fruit_fields
Lair:5:   layout_regular_city, maelrawn_ghost_gauntlet_escape,
          kennysheep_snail_temple
Lair:6:   due_jungle_book, layout_loops_ring, slime_altar_2
Swamp:1:  layout_falls_marsh, serial_swamp_ruin, evilmike_swamp_ruin_house_3,
          hangedman_swamp_ruin_wall, evilmike_swamp_ruin_rubble_1, swamp_pool2,
          hangedman_swamp_dais
Swamp:2:  layout_falls_marsh, nicolae_swamp_feature_on_the_river_bank,
          uniq_roxanne
Orc:1:    layout_caves
Orc:2:    kennysheep_orc_mage_school, layout_diamond_mine, serial_shops, shop,
          bh_open_orc_temple

Skill      XL: |  1  2  3  4  5  6  7  8  9 10 11 12 13 14 15 16 |
---------------+-------------------------------------------------+-----
Conjurations   | 2 3 4 5 6 7 8 9 |  9.5
Summonings     | 2 3 4 5 6 7 8 9 |  9.5
Translocations | 2 3 4 5 6 7 8 9 |  9.5
Invocations    | 1 2 3 4 5 6 7 8 9 10 11 | 11.7
Fighting       | 1 2 3 4 5 6 7 8 9 10 | 10.9
Short Blades   | 1 2 3 4 5 6 7 8 9 10 | 10.9
Long Blades    | 1 2 3 4 5 6 7 8 9 10 | 10.9
Axes           | 1 2 3 4 5 6 7 8 9 10 | 10.9
Maces & Flails | 1 2 3 4 5 6 7 8 9 10 | 10.9
Polearms       | 1 2 3 4 5 6 7 8 9 10 | 10.9
Staves         | 1 2 3 4 5 6 7 8 9 10 | 10.9
Slings         | 1 2 3 4 5 6 7 8 9 11 12 | 12.2
Bows           | 1 2 3 4 5 6 7 8 9 10 | 10.9
Crossbows      | 1 2 3 4 5 6 7 8 9 10 | 10.9
Throwing       | 1 2 3 4 5 6 7 8 9 10 | 10.9
Armour         | 1 2 3 4 5 6 7 8 9 10 | 10.9
Shields        | 1 2 3 4 5 6 7 8 9 10 | 10.9
Unarmed Combat | 1 2 3 4 5 6 7 8 9 10 | 10.9
Evocations     | 1 2 3 4 5 6 7 8 9 10 | 10.9
Hexes          | 1 2 3 4 5 6 7 8 9 |  9.2
Charms         | 1 2 3 4 5 6 7 8 9 |  9.2
Necromancy     | 1 2 3 4 5 6 7 8 9 |  9.2
Transmutations | 1 2 3 4 5 6 7 8 9 |  9.2
Fire Magic     | 1 2 3 4 5 6 7 8 9 |  9.2
Ice Magic      | 1 2 3 4 5 6 7 8 9 |  9.2
Air Magic      | 1 2 3 4 5 6 7 8 9 |  9.2
Earth Magic    | 1 2 3 4 5 6 7 8 9 |  9.2
Poison Magic   | 1 2 3 4 5 6 7 8 9 |  9.2
Dodging        | 5 6 7 8 9 10 11 | 11.7
Stealth        | 5 6 7 8 9 10 11 | 11.6
Spellcasting   | 8 9 10 11 12 | 12.7

Action                   |  1- 3 |  4- 6 |  7- 9 | 10-12 | 13-15 | 16-18 || total
-------------------------+-------+-------+-------+-------+-------+-------++-------
Melee: Club              |     2 |     5 |       |       |       |       ||     7
       Dagger            |       |    53 |   166 |   551 |  1521 |   361 ||  2652
       Bite              |       |     5 |    18 |    57 |   179 |    58 ||   317
       Hand axe          |       |       |    38 |       |       |       ||    38
       Punch             |       |       |     4 |    18 |    73 |       ||    95
 Fire: Hunting sling     |       |     2 |    38 |   293 |       |       ||   333
       Fustibalus        |       |       |       |       |   171 |    68 ||   239
Throw: Stone             |       |       |    26 |       |       |       ||    26
 Cast: Magic Dart        |    81 |   149 |    68 |    83 |    84 |       ||   465
       Call Imp          |     4 |    24 |    22 |    28 |     7 |       ||    85
       Mephitic Cloud    |       |     6 |    26 |    59 |   127 |    18 ||   236
       Conjure Flame     |       |     1 |    11 |    41 |    42 |     7 ||   102
       Blink             |       |     1 |       |     6 |    13 |     5 ||    25
       Animate Skeleton  |       |       |       |       |    54 |       ||    54
       Spectral Weapon   |       |       |       |       |    11 |     4 ||    15
       Animate Dead      |       |       |       |       |    14 |    25 ||    39
       Regeneration      |       |       |       |       |    11 |       ||    11
       Fireball          |       |       |       |       |     9 |    27 ||    36
       Ignite Poison     |       |       |       |       |     8 |    12 ||    20
Invok: Heroism           |       |       |       |     6 |    41 |    15 ||    62
       Finesse           |       |       |       |     1 |     8 |     1 ||    10
 Abil: Stop Flying       |       |       |       |     1 |       |       ||     1
       Evoke Flight      |       |       |       |     1 |       |       ||     1
Evoke: Wand              |       |       |       |    14 |     8 |     1 ||    23
       Sack of spiders   |       |       |       |     1 |       |       ||     1
       Lamp of fire      |       |       |       |       |       |     1 ||     1
  Use: Scroll            |       |       |    16 |     7 |    12 |       ||    35
       Potion            |       |       |       |     1 |     4 |     4 ||     9
 Stab: Distracted        |       |     1 |     2 |     2 |     8 |     1 ||    14
       Confused          |       |     2 |     7 |    15 |    69 |     4 ||    97
       Sleeping          |       |     1 |    10 |     6 |    25 |     9 ||    51
  Eat: Chunk             |     1 |     5 |    11 |    21 |    46 |     7 ||    91
       Ration            |       |     1 |     3 |     4 |     7 |     6 ||    21
Armor: Robe              |     1 |     1 |       |       |       |       ||     2
       Leather armour    |       |    18 |       |       |       |       ||    18
       Ring mail         |       |     2 |    47 |    41 |   124 |    35 ||   249
       Scale mail        |       |       |       |    58 |    20 |    29 ||   107
Dodge: Dodged            |    13 |    98 |   147 |   362 |   664 |   189 ||  1473
Block: Other             |       |       |       |     6 |   114 |       ||   120
       Reflection        |       |       |       |       |    18 |     1 ||    19
       Buckler           |       |       |       |       |   154 |   191 ||   345
